 Dungeon Crawl Stone Soup version 0.15.0-27-gbdb0435 (webtiles) character file.

88 DrPain the Sneak (level 4, -2/22 HPs)
             Began as a Spriggan Assassin on Sept 11, 2014.
             Was an Initiate of Dithmenos.
             Slain by a green rat (7 damage)
             ... on Level 3 of the Dungeon.
             The game lasted 00:06:30 (2270 turns).

DrPain the Sneak (Spriggan Assassin)                Turns: 2270, Time: 00:06:30

HP  -2/22        AC  3     Str  7      XL: 4   Next: 29%
MP   8/8         EV 17     Int 12      God: Dithmenos [......]
Gold 104         SH  0     Dex 18      Spells:  0 memorised,  3 levels left

rFire  . . .     SeeInvis +     w - +2 dagger
rCold  . . .     Clarity  .     c - +0 robe
rNeg   . . .     rCorr    .     (shield restricted)
rPois  .         rRot     .     (helmet restricted)
rElec  .         Spirit   .     d - +0 cloak
SustAb .         Warding  .     (gloves unavailable)
rMut   .         Stasis   .     (boots unavailable)
Gourm  .                        (no amulet)
MR     .....                    (no ring)
                                (no ring)

@: very quick, not resistant to hostile enchantments, stealthy
A: unfitting armour, see invisible, herbivore 3, speed 3, slow metabolism 2
a: Renounce Religion


You were on level 3 of the Dungeon.
You worshipped Dithmenos.
Dithmenos was noncommittal.
You were not hungry.

You visited 1 branch of the dungeon, and saw 3 of its levels.

You collected 104 gold pieces.

Inventory:

Hand weapons
 f - a +0 blowgun
 w - a +2 dagger (weapon)
Missiles
 b - 2 curare-tipped needles
 e - 8 poisoned needles
Armour
 c - a +0 robe (worn)
 d - a +0 cloak (worn)
Comestibles
 h - 2 bread rations
 l - a slice of pizza
Scrolls
 i - a scroll of random uselessness {unknown}
 j - 4 scrolls of identify {unknown}
 m - a scroll of teleportation {unknown}
 o - a scroll of enchant armour {unknown}
 r - a scroll of blinking {unknown}
Potions
 a - 2 potions of agility {unknown}
 g - a potion of porridge
 k - a potion of decay {unknown}
 n - a potion of curing {unknown}
 p - a potion of confusion {unknown}
 q - 2 potions of might {unknown}


   Skills:
 - Level 1.5 Fighting
 + Level 5.0 Short Blades
 - Level 2.1 Throwing
 - Level 1.5 Dodging
 - Level 5.8 Stealth


You had 3 spell levels left.
You didn't know any spells.

Dungeon Overview and Level Annotations

Branches:
Dungeon (3/15)

Altars:
Dithmenos

Annotations:
D:3 isthmus' ghost, average OpSu


Innate Abilities, Weirdness & Mutations

You are tiny and cannot use many weapons and most armour.
You have supernaturally acute eyesight.
You are a herbivore.
You cover ground extremely quickly.
You need consume almost no food.


Message History

The worm is moderately wounded.
The green rat bites you.
* * * LOW HITPOINT WARNING * * *
The worm misses you.
You hit the worm but do no damage.
The worm is moderately wounded.
The green rat bites you.
* * * LOW HITPOINT WARNING * * *
You hit the worm.
The worm is heavily wounded.
The worm misses you. The green rat barely misses you.
You hit the worm.
The worm is severely wounded.
You hit the worm.
The worm is severely wounded.
The green rat barely misses you.
You hit the worm.
The worm is almost dead.
The worm barely misses you. The green rat bites you!
You die...

#.######## #.........
###%%...#. #.###.#. #.#
#.## #.# #... #.# ####
################.## #
#....w@r.%<.......# #
#.##############..#####
#.# #......... #r#
####.##### #.# #......
#r# ####### #S# #w# #.#


You could see a worm and a green rat.

Vanquished Creatures
  A green rat (D:3)
  3 worms
  An ooze (D:2)
  4 orcs (D:3)
  2 ball pythons
  5 giant cockroaches
  4 hobgoblins
  6 jackals
  A quokka (D:2)
  4 bats
  A giant gecko (D:2)
  4 giant newts
  6 goblins
  5 kobolds
  11 rats
58 creatures vanquished.

Notes
Turn   | Place    | Note
--------------------------------------------------------------
     0 | D:1      | DrPain, the Spriggan Assassin, began the quest for the Orb.
     0 | D:1      | Reached XP level 1. HP: 10/10 MP: 2/2
   321 | D:1      | Reached XP level 2. HP: 14/14 MP: 4/4
  1090 | D:2      | Reached XP level 3. HP: 18/18 MP: 6/6
  1740 | D:3      | Found a shadowy altar of Dithmenos.
  1756 | D:3      | Became a worshipper of Dithmenos the Shadowed
  1805 | D:3      | Noticed isthmus' ghost (average OpSu)
  1906 | D:3      | Reached XP level 4. HP: 22/22 MP: 8/8
  2053 | D:3      | Reached skill level 5 in Short Blades
  2270 | D:3      | Slain by a green rat

Action                   |  1- 3 |  4- 6 || total
-------------------------+-------+-------++-------
Melee: Dagger            |   121 |    59 ||   180
 Fire: Blowgun           |     6 |     2 ||     8
Evoke: Wand              |       |     1 ||     1
 Stab: Sleeping          |    18 |     1 ||    19
